 Dungeon Crawl Stone Soup version 0.25-a0-782-g655279ceaa (webtiles) character file.

Game seed: 9659677887704690390, levelgen mode: deterministic

2773 Flugslaktarn the Cleaver (level 9, -3/79 HPs)
             Began as a Minotaur Fighter on Apr 16, 2020.
             Was a Follower of Makhleb.
             Slain by a wolf (5 damage)
             ... led by Grum
             ... on level 8 of the Dungeon.
             The game lasted 00:02:49 (6118 turns).

Flugslaktarn the Cleaver (Minotaur Fighter)         Turns: 6118, Time: 00:02:49

Health: -3/79      AC: 11    Str: 25    XL:     9   Next: 42%
Magic:  10/10      EV:  8    Int:  5    God:    Makhleb [*.....]
Gold:   218        SH: 11    Dex:  9    Spells: 8/8 levels left

rFire    . . .     SeeInvis .   b - +1 war axe (elec)
rCold    . . .     Gourm    .   c - +0 kite shield
rNeg     . . .     Faith    .   m - +0 scale mail
rPois    .         Spirit   .   (helmet restricted)
rElec    .         Reflect  .   (no cloak)
rCorr    .         Harm     .   (no gloves)
MR       .....                  (no boots)
Stlth    ..........             (no amulet)
HPRegen  0.23/turn              p - +3 ring of protection
MPRegen  0.12/turn              (no ring)

@: no status effects
A: retaliatory headbutt, horns 2
a: Renounce Religion


You were on level 8 of the Dungeon.
You worshipped Makhleb.
Makhleb was aware of your devotion.
You were not hungry.

You visited 1 branch of the dungeon, and saw 8 of its levels.

You collected 361 gold pieces.
You spent 143 gold pieces at shops.

Inventory:

Hand Weapons
 a - a +2 hand axe of flaming
   (You took it off a hobgoblin on level 3 of the Dungeon)
 b - a +1 war axe of electrocution (weapon)
   (You found it on level 7 of the Dungeon)
Missiles
 B - a throwing net (quivered)
Armour
 c - a +0 kite shield (worn)
 m - a +0 scale mail (worn)
Jewellery
 p - a +3 ring of protection (left hand)
   (You found it on level 5 of the Dungeon)
Wands
 w - a wand of iceblast (4)
   (You found it on level 7 of the Dungeon)
Scrolls
 f - a scroll of enchant weapon {unknown}
 r - 2 scrolls of identify
 t - a scroll of teleportation
 x - a scroll of remove curse
 y - a scroll of fog
 z - a scroll of blinking
Potions
 d - 2 potions of might
 g - a potion of berserk rage
 h - 3 potions of heal wounds
 i - a potion of ambrosia
 k - 3 potions of curing
 n - 2 potions of invisibility
 o - 2 potions of stabbing
 q - a potion of flight
 u - 2 potions of lignification
Comestibles
 e - 14 rations
 j - 4 chunks of flesh


   Skills:
 + Level 7.5 Fighting
 * Level 9.7 Axes
 + Level 7.6 Armour
 + Level 7.6 Shields
 + Level 3.5 Invocations


You had 8 spell levels left.
You didn't know any spells.
Your spell library was empty.

Dungeon Overview and Level Annotations

Branches:
Dungeon (8/15)             Temple (0/1) D:6
   Lair: D:8-11

Altars:
Dithmenos
Hepliaklqana
Makhleb
Nemelex Xobeh
Qazlal
Xom
Yredelemnul

Shops:
D:6 !


Innate Abilities, Weirdness & Mutations

You reflexively headbutt those who attack you in melee.
You have a pair of horns on your head.


Message History

The wolf is severely wounded.
The wolf barely misses you. You block the wolf's attack.
You hit the wolf but do no damage.
The wolf is severely wounded.
The wolf bites you but does no damage. x2
You closely miss the wolf.
The wolf is severely wounded.
The wolf bites you.
* * * LOW HITPOINT WARNING * * *
You block the wolf's attack.
You hit the wolf.
The wolf is almost dead.
You block the wolf's attack. The wolf bites you but does no damage.
You miss the wolf.
The wolf is almost dead.
The wolf bites you but does no damage.
You closely miss the wolf.
The wolf is almost dead.
The wolf bites you but does no damage. The wolf bites you.
You die...

............###################..
................................>
#....################...#.#####.#
#.#### ....... #...#.# #..
#........ ..... #...#.# ##.
#######:. .... #####.# #.
......<.. .l# #.######. #.######
#h# #+#...... #.### #.######@##
........ #...# #.........#
........ ###.# #######.#.#
...##### ....## #...#..# .#
.....# #.####.# ...### #.# ..
#### #.# #.# ### ######.# .#
..######......#


You could see a wolf and a leopard gecko.

Vanquished Creatures
  2 hippogriffs (D:7)
  Grum (D:8)
  Menkaure (D:5)
  2 sky beasts (D:7)
  2 ogres
  2 centaurs
  A wolf (D:8)
  3 bullfrogs (D:6)
  A gnoll sergeant (D:5)
  2 scorpions (D:8)
  3 wights (D:6)
  3 howler monkeys (D:7)
  2 crimson imps
  A quasit (D:8)
  A bullfrog zombie (D:7)
  2 jellies
  An orc priest (D:3)
  A centaur zombie (D:6)
  4 hounds
  3 orc wizards
  2 centaur skeletons
  An iguana (D:4)
  Natasha (twice) (D:3)
  3 worker ants
  A killer bee zombie (D:6)
  A hound zombie (D:6)
  2 hound skeletons
  A worker ant zombie (D:5)
  4 gnolls (D:5)
  6 adders
  A shadow imp (D:7)
  9 oozes
  2 adder skeletons
  2 worms (D:3)
  A dart slug (D:4)
  6 leopard geckos
  26 orcs
  2 bats
  6 giant cockroaches
  6 hobgoblins
  3 jackals (D:3)
  4 quokkas
  A frilled lizard (D:5)
  12 kobolds
  A leopard gecko skeleton (D:4)
  4 rats
  3 fungi (D:4)
150 creatures vanquished.

Vanquished Creatures (others)
  5 toadstools (D:4)
5 creatures vanquished.

Grand Total: 155 creatures vanquished

Notes
Turn   | Place    | Note
-------+----------+-------------------------------------------
     0 | D:1      | Flugslaktarn the Minotaur Fighter began the quest for the
                  | Orb.
     0 | D:1      | Reached XP level 1. HP: 19/19 MP: 0/0
    57 | D:1      | Reached XP level 2. HP: 17/27 MP: 1/1
   291 | D:2      | Reached skill level 3 in Axes
   358 | D:3      | Noticed Natasha
   364 | D:3      | Killed Natasha
   364 | D:3      | Reached XP level 3. HP: 32/33 MP: 2/2
   729 | D:3      | Reached skill level 4 in Axes
   729 | D:3      | Reached XP level 4. HP: 37/40 MP: 3/3
   848 | D:3      | Noticed Natasha
   858 | D:3      | Killed Natasha
   887 | D:3      | Reached XP level 5. HP: 42/47 MP: 4/4
  1085 | D:5      | Entered Level 5 of the Dungeon
  1263 | D:4      | Reached skill level 5 in Axes
  1294 | D:4      | Reached XP level 6. HP: 55/55 MP: 5/5
  1554 | D:4      | Found a shadowy altar of Dithmenos.
  1619 | D:4      | Found a basalt altar of Yredelemnul.
  1664 | D:4      | Reached skill level 5 in Fighting
  1664 | D:4      | Reached skill level 5 in Armour
  1878 | D:4      | Found a hazy altar of Hepliaklqana.
  1941 | D:4      | Reached skill level 5 in Shields
  2490 | D:5      | Reached skill level 6 in Axes
  2503 | D:5      | Reached XP level 7. HP: 57/61 MP: 6/6
  3077 | D:5      | Noticed Menkaure
  3084 | D:5      | Killed Menkaure
  3084 | D:5      | Reached skill level 7 in Axes
  3257 | D:5      | Found a shimmering altar of Xom.
  3257 | D:5      | Found a burning altar of Makhleb.
  3277 | D:5      | Became a worshipper of Makhleb the Destroyer
  3549 | D:6      | Reached XP level 8. HP: 70/70 MP: 7/7
  3713 | D:6      | Reached skill level 1 in Invocations
  3840 | D:6      | Found a staircase to the Ecumenical Temple.
  3909 | D:6      | Reached skill level 8 in Axes
  4154 | D:6      | Found Niesaodi's Distillery.
  4157 | D:6      | Bought a potion of heal wounds for 55 gold pieces
  4157 | D:6      | Bought a potion of heal wounds for 55 gold pieces
  4157 | D:6      | Bought a potion of curing for 33 gold pieces
  4274 | D:6      | Found a sparkling altar of Nemelex Xobeh.
  4323 | D:6      | Reached * piety under Makhleb
  4719 | D:7      | Noticed a hippogriff
  4733 | D:7      | Killed a hippogriff
  5025 | D:7      | Reached XP level 9. HP: 79/79 MP: 10/10
  5094 | D:7      | Reached skill level 9 in Axes
  5979 | D:8      | Found a stormy altar of Qazlal.
  6095 | D:8      | Noticed Grum
  6109 | D:8      | Killed Grum
  6112 | D:8      | HP: 3/79 [wolf[Grum] (2)]
  6115 | D:8      | HP: 1/79 [wolf[Grum] (2)]
  6118 | D:8      | Slain by a wolf

Levels and vault maps discovered:
D:1:      grunt_arrival_lava_bath, layout_loops_corners
D:2:      layout_basic, dk_noncrumbling_3
D:3:      layout_loops_cross, fedhas_altar_4, first_ration, eino_curves_03,
          uniq_natasha
D:4:      cheibrodos_fertilizer, layout_basic, lemuel_doored_altar,
          nicolae_dithmenos_through_a_glass_darkly, yredelemnul_altar_generic
D:5:      layout_gridville, grunt_temple_overflow_champion_of_chaos,
          hangedman_abyss_or_decor_stabs, uniq_menkaure
D:6:      layout_cave_pods, lemuel_crystal_altar, minmay_temple_entry_waves,
          serial_shops, nicolae_shop_window_shopping
D:7:      layout_basic, serial_glass, glass_columns_a, glass_columns_a
D:8:      layout_basic, overflow_temple_1_default, uniq_grum

Skill      XL: |  1  2  3  4  5  6  7  8  9 |
---------------+----------------------------+-----
Axes           | 3 4 5 6 7 8 9 |  9.7
Fighting       | 4 5 6 7 |  7.5
Armour         | 4 5 6 7 |  7.6
Shields        | 4 5 6 7 |  7.6
Invocations    | 2 3 |  3.5

Action                   |  1- 3 |  4- 6 |  7- 9 || total
-------------------------+-------+-------+-------++-------
Melee: War axe           |    64 |   134 |   210 ||   408
       Headbutt          |     5 |    23 |    30 ||    58
  Use: Scroll            |       |       |    15 ||    15
  Eat: Chunk             |       |     5 |     5 ||    10
       Ration            |       |       |     2 ||     2
Armor: Scale mail        |    38 |    54 |    60 ||   152
Dodge: Dodged            |    21 |    40 |    73 ||   134
Block: Kite shield       |    31 |    76 |   132 ||   239

Table legend:
 A = Non-vault XP
 B = Vault XP
 C = Vault XP percentage of total XP
 D = Non-vault monster count
 E = Vault monster count
 F = Vault count percentage of total count
                 A         B        C        D         E       F
            +---------+---------+-------+---------+---------+-------
      Total |    3308 |     654 |  16.5 |     128 |      19 |  12.9
            +---------+---------+-------+---------+---------+-------
        D:1 |      18 |       0 |   0.0 |      10 |       0 |   0.0
        D:2 |       4 |       0 |   0.0 |       3 |       0 |   0.0
        D:3 |     188 |      35 |  15.7 |      27 |       1 |   3.6
        D:4 |     233 |     105 |  31.1 |      19 |      14 |  42.4
        D:5 |     587 |     222 |  27.4 |      24 |       2 |   7.7
        D:6 |     898 |       0 |   0.0 |      21 |       0 |   0.0
        D:7 |    1128 |       0 |   0.0 |      14 |       0 |   0.0
        D:8 |     252 |     292 |  53.7 |      10 |       2 |  16.7
            +---------+---------+-------+---------+---------+-------
